Map: Cyber Forest LE

Players

ArcaDeNoé

  • Race: Terran Terran
  • League: Master
  • Spawn Location: 5:00

Mez - Winner!

  • Race: Terran Terran
  • League: Master
  • Spawn Location: 11:00

VOD

Have the link to the VOD?

Description

Time

  • Played on: Aug. 12, 2019, 4:38 p.m.
  • Length: 7:33
Show
View Real Time Build Order
Export as new Build Order

ArcaDeNoé Terran 

Build Orders: Cyclone Opening 

Get SALT Encoding   

  12  0:00  SCV  
  13  0:13  SCV  
  14  0:18  Supply Depot  
  14  0:25  SCV  
  15  0:29  Refinery  
  15  0:39  SCV  
  16  0:45  Barracks  
  16  0:51  SCV  
  17  0:57  Refinery  
  17  1:04  SCV  
  18  1:19  SCV  
  19  1:34  Reaper, Orbital Command  
  20  1:40  Factory  
  20  1:49  Supply Depot  
  20  2:00  SCV  
  21  2:06  Reaper  
  22  2:12  SCV  
  23  2:24  Factory Tech Lab  
  23  2:30  Command Center  
  22  2:45  Barracks Reactor, Cyclone  
  22  2:47  SCV  
  26  3:00  Starport, Supply Depot  
  26  3:04  SCV  
  27  3:17  Cyclone  
  27  3:18  SCV  
  31  3:26  Marine  
  31  3:27  Marine  
  32  3:30  SCV  
  34  3:43  SCV  
  34  3:48  Refinery, Marine x2  
  37  3:55  Orbital Command  
  37  3:57  Raven  
  37  3:59  SCV  
  37  4:00  Factory Tech Lab  
  40  4:08  Marine  
  40  4:09  Marine, Supply Depot  
  42  4:14  SCV  
  43  4:19  Siege Tank  
  44  4:33  Marine x2  
  44  4:35  SCV  
  44  4:36  SCV  
  48  4:43  Raven  
  50  4:47  SCV  
  50  4:51  Marine x2  
  50  4:52  Command Center  
  53  4:53  SCV  
  54  5:01  Refinery  
  54  5:06  Siege Tank, SCV  
  58  5:08  SCV  
  58  5:14  Marine x2  
  60  5:18  SCV  
  62  5:30  SCV x2  
  62  5:33  Supply Depot  
  64  5:40  Viking x2  
  64  5:41  Marine  
  64  5:42  SCV  
  70  5:55  Engineering Bay, SCV, Siege Tank  
  74  5:58  Engineering Bay  
  74  6:03  Marine  
  75  6:05  SCV  
  75  6:10  Orbital Command  
  76  6:15  Viking  
  76  6:17  Viking  
  80  6:24  SCV  
  81  6:27  SCV  
  81  6:37  Siege Tank  
Show
View Real Time Build Order
Export as new Build Order

Mez Terran - Winner!

Build Orders: Gas First Reaper Expand 

Get SALT Encoding   

  12  0:01  SCV  
  13  0:13  SCV  
  14  0:17  Supply Depot  
  14  0:27  Refinery  
  14  0:29  SCV  
  15  0:41  SCV  
  16  0:46  Barracks  
  16  0:53  SCV  
  17  1:05  SCV  
  18  1:18  SCV  
  19  1:33  Orbital Command  
  19  1:34  Reaper  
  20  1:45  Command Center  
  20  1:56  Factory  
  20  2:01  SCV  
  21  2:06  Barracks Reactor  
  21  2:12  Supply Depot  
  21  2:14  SCV  
  22  2:21  Refinery  
  22  2:26  SCV  
  23  2:44  Marine x2  
  23  2:45  Factory Tech Lab  
  23  2:49  SCV  
  25  2:59  Orbital Command  
  25  3:01  SCV, Marine  
  25  3:02  Marine  
  25  3:03  Cyclone  
  31  3:12  Starport  
  31  3:15  SCV  
  32  3:22  Marine x2  
  32  3:24  SCV  
  35  3:27  SCV  
  36  3:36  Supply Depot  
  36  3:37  SCV  
  36  3:39  SCV  
  38  3:43  Siege Tank  
  38  3:44  Marine x2  
  43  3:50  SCV  
  43  3:51  SCV  
  43  3:52  Starport Tech Lab  
  45  4:01  Marine  
  45  4:02  SCV, Marine  
  47  4:03  SCV  
  47  4:07  Supply Depot  
  47  4:09  Supply Depot  
  49  4:13  Raven  
  49  4:14  SCV  
  49  4:16  SCV  
  53  4:18  Refinery  
  53  4:23  Marine  
  54  4:28  SCV x2, Marine  
  57  4:32  Supply Depot  
  57  4:36  Siege Tank  
  60  4:40  SCV x2  
  60  4:45  Marine  
  63  4:46  Marine  
  63  4:51  Supply Depot  
  64  4:53  SCV x2  
  66  5:05  Raven, SCV x2  
  66  5:07  Command Center, Marine x2  
  72  5:18  SCV x2  
  74  5:21  Supply Depot  
  74  5:27  Barracks  
  74  5:29  Siege Tank, Barracks  
  74  5:30  SCV x2  
  79  5:42  SCV x2  
  81  5:43  Engineering Bay, Refinery  
  81  5:46  Engineering Bay  
  81  5:47  Supply Depot  
  81  5:55  Viking x2  
  85  6:04  Siege Tank  
  85  6:07  Marine  
  89  6:12  Supply Depot  
  89  6:13  Supply Depot  
  89  6:15  Barracks Reactor  
  89  6:29  Marine x2  
  91  6:39  Siege Tank  
  90  6:47  Marine  
  59  6:54  Viking x2  
  76  6:55  Marine x3  
  68  7:05  Marine  
  63  7:13  Marine x3  
Tags
 
Add a new tag
Caveats
  • Supply blocks, unpowered buildings, or Contaminate may cause inaccurate times.
  • Supply counts are checked every 10 seconds.